 Dungeon Crawl Stone Soup version 0.29.1-1-gd02db6906a (webtiles) character file.

Game seed: 12707019767604076766

20 Zeld the Conjurer (level 2, -2/15 HPs)
             Began as a Deep Elf Conjurer on Oct 7, 2022.
             Killed from afar by Sigmund (6 damage)
             ... with a puff of flame
             ... on level 1 of the Dungeon.
             The game lasted 00:00:39 (901 turns).

Zeld the Conjurer (Deep Elf Conjurer)                Turns: 901, Time: 00:00:39

Health: -2/15      AC:  2    Str:  4    XL:     2   Next: 58%
Magic:  3/8        EV: 12    Int: 22    God:
Gold:   60         SH:  0    Dex: 13    Spells: 7/8 levels left

rFire   . . .      SeeInvis .   (no weapon)
rCold   . . .      Faith    .   (no shield)
rNeg    . . .      Spirit   .   a - +0 robe
rPois   .          Reflect  .   (no helmet)
rElec   .          Harm     .   (no cloak)
rCorr   .          Rampage  .   (no gloves)
Will    .....                   (no boots)
Stlth   ++........              (no amulet)
HPRegen 0.05/turn               (no ring)
MPRegen 0.11/turn               (no ring)

@: no status effects
A: no striking features
a: no special abilities


You were on level 1 of the Dungeon.
You visited 1 branch of the dungeon, and saw 2 of its levels.

You collected 60 gold pieces.

Inventory:

Armour
 a - a +0 robe (worn)
Scrolls
 e - a scroll of amnesia {unknown}
 g - a scroll of identify {unknown}
Potions
 b - a potion of magic
 c - a potion of curing {unknown}
 d - a potion of resistance {unknown}
 f - 2 potions of might {unknown}


   Skills:
 + Level 2.7 Dodging
 + Level 2.8 Stealth
 * Level 3.5 Spellcasting
 * Level 4.6 Conjurations


You had 7 spell levels left.
You knew the following spells:

 Your Spells              Type           Power      Damage    Failure   Level
a - Magic Dart            Conj           96%        1d7       1%          1

Your spell library contained the following spells:

 Spells                   Type           Power      Damage    Failure   Level
 Searing Ray              Conj           48%        2d6       2%          2
 Dazzling Flash           Conj/Hex       28%        N/A       14%         3
 Fulminant Prism          Conj/Hex       7%         3d7       41%         4
 Iskenderun's Mystic Bla  Conj/Tloc      14%        2d5       41%         4


Dungeon Overview and Level Annotations

Branches:
Dungeon (2/15)

Altars:

Annotations:
D:1 Sigmund


Message History

Done exploring.
You can't see any susceptible monsters within range! (Use Z to cast anyway.) Done exploring.
There is an open door here.
There is a stone staircase leading down here.
You climb downwards.
Sigmund shouts!
The frilled lizard hisses angrily.
There is a stone staircase leading up here.
There are monsters nearby!
There are monsters nearby!
You hit Sigmund.
Sigmund is lightly wounded.
Sigmund barely misses you.
The magic dart hits Sigmund.
Sigmund is lightly wounded.
The magic dart hits Sigmund.
Sigmund is moderately wounded.
Sigmund misses you.
The magic dart hits Sigmund.
Sigmund is moderately wounded.
Sigmund hits you with a +4 vampiric scythe.
Sigmund draws strength from your wounds!
The magic dart hits Sigmund.
Sigmund is moderately wounded.
Sigmund hits you with a +4 vampiric scythe.
The frilled lizard hisses.
You climb upwards.
There is a stone staircase leading down here.
The magic dart hits Sigmund.
Sigmund is heavily wounded.
Sigmund barely misses you.
The magic dart hits Sigmund.
Sigmund is severely wounded.
Sigmund hits you from afar with a +4 vampiric scythe.
* * * LOW HITPOINT WARNING * * *
Sigmund draws strength from your wounds!
You are too injured to fight recklessly!
Sigmund gestures at you while chanting. The puff of flame hits you.
You die...

#.......#....# ##.....#
##.######...####......#
###.# ###...........#
....########.#..>......#
.............#.#.......#####
................@..#.......#
.).................#.......#
...................#.......#
................@..........#
.................[##.......#
......#...........'........#
......#...........#.#.####.#
......#...........#.#.# #.#
......#...........#.#.# #.#
### ......#...........#...#
#.# #..
......#...........##### #.##
#.# ......#############
#..#####


You could see Sigmund.

Vanquished Creatures
  2 dart slugs (D:1)
  2 endoplasms (D:1)
  A giant cockroach (D:1)
  A goblin (D:1)
  A hobgoblin (D:1)
  A kobold (D:1)
  A quokka (D:1)
  2 ball pythons (D:1)
  2 frilled lizards (D:1)
  2 rats (D:1)
15 creatures vanquished.

Notes
Turn   | Place    | Note
-------+----------+-------------------------------------------
     0 | D:1      | Zeld the Deep Elf Conjurer began the quest for the Orb.
     0 | D:1      | Reached XP level 1. HP: 10/10 MP: 6/6
   221 | D:1      | Reached XP level 2. HP: 12/15 MP: 5/8
   887 | D:2      | Noticed Sigmund
   901 | D:1      | Killed from afar by Sigmund

Illustrated notes

Levels and vault maps discovered:
D:1:      onia_arrival_mini_spirals, layout_basic
D:2:      layout_basic, ebering_ecumenical_altar_webs, minmay_tetromino_l2,
          uniq_sigmund, uniq_jessica

Action                   || total
-------------------------++-------
Melee: Unarmed           ||     3
       Punch             ||     1
 Cast: Magic Dart        ||    31
Dodge: Dodged            ||     8
